| TOP OF THE 1ST |
|
Chicago (APP) Cubs batting - Pitching for Washington (APP) Nationals : RHP Jayden Taylor
|
|
Pitching: RHP Jayden Taylor
|
|
|
Batting: SHB Jim Lloyd
|
0-0: Called Strike 0-1: Called Strike 0-2: Ball 1-2: Ball 2-2: Foul Ball, location: 2F 2-2: Strikes out swinging
|
|
Batting: RHB Lencho Otieno
|
0-0: Ball 1-0: DOUBLE (Line Drive, 89M, EV 104.4 MPH)
|
|
Batting: RHB Victor Ramirez
|
0-0: Ball 1-0: Ball 2-0: Swinging Strike 2-1: Foul Ball, location: 2F 2-2: Ball 3-2: Ground out 6-3 (Groundball, 6, EV 83.8 MPH) Lencho Otieno to third
|
|
Batting: RHB Mike Stein
|
0-0: Ball 1-0: Foul Ball, location: 2F 1-1: Ball 2-1: Swinging Strike 2-2: Strikes out looking
|
| Top of the 1st over - 0 runs, 1 hit, 0 errors, 1 left on base; Chicago (APP) 0 - Washington (APP) 0 |
| BOTTOM OF THE 1ST |
|
Washington (APP) Nationals batting - Pitching for Chicago (APP) Cubs : RHP Bobby Almonte
|
|
Pitching: RHP Bobby Almonte
|
|
|
Batting: RHB Xavier Reeves
|
0-0: Ball 1-0: Ball 2-0: Ball 3-0: Base on Balls
|
|
Batting: RHB Lamar Thornton
|
0-0: Ball Xavier Reeves steals 2nd base 1-0: Called Strike 1-1: Ball 2-1: Ball 3-1: Foul Ball, location: 2F 3-2: SINGLE (Line Drive, 8LS, EV 104.4 MPH) Xavier Reeves to third
|
|
Batting: RHB Er Le
|
0-0: Grounds into double play, 6-4-3 (Groundball, 6, EV 102.5 MPH) Xavier Reeves scores
|
|
Batting: LHB Chris Williams
|
0-0: Called Strike 0-1: Ball 1-1: Ball 2-1: Fly out, F8 (Flyball, 89M, EV 84.4 MPH)
|
| Bottom of the 1st over - 1 run, 1 hit, 0 errors, 0 left on base; Chicago (APP) 0 - Washington (APP) 1 |
| TOP OF THE 2ND |
|
Chicago (APP) Cubs batting - Pitching for Washington (APP) Nationals : RHP Jayden Taylor
|
|
Batting: RHB Andy Baumhardt
|
0-0: Ground out 4-3 (Groundball, 34, EV 80.6 MPH)
|
|
Batting: RHB Bartolo Aguilar
|
0-0: Ball 1-0: Ball 2-0: Foul Ball, location: 2F 2-1: Ball 3-1: Foul Ball, location: 2F 3-2: Base on Balls
|
|
Batting: LHB Jose Mafano
|
0-0: Ball 1-0: Grounds out, U3 (Groundball, 3L, EV 83.1 MPH)
|
|
Batting: RHB Juan Lira
|
0-0: Ball 1-0: Called Strike 1-1: Foul Ball, location: 2F 1-2: Ball 2-2: Ball Wild Pitch! Bartolo Aguilar to third 3-2: Base on Balls
|
|
Batting: RHB Jorge Gonzalez
|
0-0: Fielders Choice at 2nd, 5-4 (Groundball, 56, EV 83.8 MPH)
|
| Top of the 2nd over - 0 runs, 0 hits, 0 errors, 2 left on base; Chicago (APP) 0 - Washington (APP) 1 |
| BOTTOM OF THE 2ND |
|
Washington (APP) Nationals batting - Pitching for Chicago (APP) Cubs : RHP Bobby Almonte
|
|
Batting: RHB Taffounnout Kame
|
0-0: Foul Ball, location: 2F 0-1: Ball 1-1: DOUBLE (Line Drive, 89D, EV 105.6 MPH)
|
|
Batting: SHB Ed Thorpe Jr.
|
0-0: Ball 1-0: Called Strike 1-1: Ball 2-1: Ball 3-1: TRIPLE (Line Drive, 9LD, EV 104.4 MPH) Taffounnout Kame scores
|
|
Batting: RHB Aaron Bateman
|
0-0: Ball 1-0: Ball 2-0: Foul Ball, location: 2F 2-1: Foul Ball, location: 2F 2-2: SINGLE (Line Drive, 6MD, EV 96.2 MPH) Ed Thorpe Jr. scores
|
|
Batting: LHB Tony Olvera
|
0-0: Ball 1-0: Ball 2-0: 2-RUN HOME RUN (Flyball, 9D, EV 93.1 MPH), Distance : 373 ft
|
|
Batting: RHB Joe Simmelink
|
0-0: Ball 1-0: Swinging Strike 1-1: Ground out 6-3 (Groundball, 6S, EV 80.6 MPH)
|
|
Batting: RHB Xavier Reeves
|
0-0: Called Strike 0-1: Ball 1-1: Ball 2-1: Fly out, F8 (Flyball, 8LM, EV 79.4 MPH)
|
|
Batting: RHB Lamar Thornton
|
0-0: Ball 1-0: Foul Ball, location: 2F 1-1: Foul Ball, location: 2F 1-2: Foul Ball, location: 2F 1-2: Foul Ball, location: 2F 1-2: SINGLE (Groundball, 6D, EV 103.1 MPH)
|
|
Batting: RHB Er Le
|
0-0: Ball 1-0: Ball 2-0: Ball 3-0: Called Strike 3-1: Base on Balls Lamar Thornton to second
|
|
Batting: LHB Chris Williams
|
0-0: Ball 1-0: Ball 2-0: Ball 3-0: Called Strike 3-1: Called Strike 3-2: Base on Balls Lamar Thornton to third Er Le to second
|
|
Batting: RHB Taffounnout Kame
|
0-0: SINGLE (Groundball, 5S, EV 69.4 MPH) (infield hit) Lamar Thornton scores Er Le to third Chris Williams to second
|
|
Batting: SHB Ed Thorpe Jr.
|
0-0: Ball 1-0: Fly out, F7 (Flyball, 7LD, EV 96.2 MPH)
|
| Bottom of the 2nd over - 5 runs, 6 hits, 0 errors, 3 left on base; Chicago (APP) 0 - Washington (APP) 6 |
| TOP OF THE 3RD |
|
Chicago (APP) Cubs batting - Pitching for Washington (APP) Nationals : RHP Jayden Taylor
|
|
Batting: SHB Jim Lloyd
|
0-0: Called Strike 0-1: Swinging Strike 0-2: Ball 1-2: Foul Ball, location: 2F 1-2: Foul Ball, location: 2F 1-2: Ball 2-2: Foul Ball, location: 2F 2-2: Fly out, F3 (Line Drive, 3, EV 70.0 MPH)
|
|
Batting: RHB Lencho Otieno
|
0-0: Ground out 6-3 (Groundball, 56, EV 101.9 MPH)
|
|
Batting: RHB Victor Ramirez
|
0-0: Ball 1-0: Ball 2-0: Foul Ball, location: 2F 2-1: Called Strike 2-2: Strikes out looking
|
| Top of the 3rd over - 0 runs, 0 hits, 0 errors, 0 left on base; Chicago (APP) 0 - Washington (APP) 6 |
| BOTTOM OF THE 3RD |
|
Washington (APP) Nationals batting - Pitching for Chicago (APP) Cubs : RHP Bobby Almonte
|
|
Batting: RHB Aaron Bateman
|
0-0: DOUBLE (Line Drive, 7LM, EV 113.1 MPH)
|
|
Batting: LHB Tony Olvera
|
0-0: Ball 1-0: 2-RUN HOME RUN (Flyball, 89XD, EV 99.4 MPH), Distance : 388 ft
|
|
Pitching: RHP T.J. Garrison
|
|
|
Batting: RHB Joe Simmelink
|
0-0: Swinging Strike 0-1: Foul Ball, location: 2F 0-2: Ball 1-2: Foul Ball, location: 2F 1-2: SINGLE (Line Drive, 9S, EV 105.0 MPH)
|
|
Batting: RHB Xavier Reeves
|
0-0: Grounds into double play, 5-4-3 (Groundball, 56S, EV 88.1 MPH)
|
|
Batting: RHB Lamar Thornton
|
0-0: Ball 1-0: Fly out, F8 (Line Drive, 8RM, EV 91.9 MPH)
|
| Bottom of the 3rd over - 2 runs, 3 hits, 0 errors, 0 left on base; Chicago (APP) 0 - Washington (APP) 8 |
| TOP OF THE 4TH |
|
Chicago (APP) Cubs batting - Pitching for Washington (APP) Nationals : RHP Jayden Taylor
|
|
Batting: RHB Mike Stein
|
0-0: Ball 1-0: Ball 2-0: DOUBLE (Line Drive, 7LS, EV 93.8 MPH)
|
|
Batting: RHB Andy Baumhardt
|
0-0: Ball 1-0: Ball 2-0: Ball 3-0: Called Strike 3-1: Fly out, F9 (Flyball, 89D, EV 105.0 MPH)
|
|
Batting: RHB Bartolo Aguilar
|
0-0: Foul Ball, location: 2F 0-1: SINGLE (Line Drive, 9S, EV 97.5 MPH) Mike Stein to third
|
|
Batting: LHB Jose Mafano
|
0-0: Foul Ball, location: 2F 0-1: Ball 1-1: Foul Ball, location: 2F 1-2: Strikes out swinging
|
|
Batting: RHB Juan Lira
|
0-0: Ball 1-0: Ball Wild Pitch! Mike Stein scores Bartolo Aguilar to second 2-0: Foul Ball, location: 2F 2-1: SINGLE (Groundball, 6D, EV 95.6 MPH) Bartolo Aguilar to third Runner from 3rd tries for Home, throw by LF and OUT! 7-2
|
| Top of the 4th over - 1 run, 3 hits, 0 errors, 1 left on base; Chicago (APP) 1 - Washington (APP) 8 |
| BOTTOM OF THE 4TH |
|
Washington (APP) Nationals batting - Pitching for Chicago (APP) Cubs : RHP T.J. Garrison
|
|
Batting: RHB Er Le
|
0-0: Ground out 4-3 (Groundball, 4, EV 80.0 MPH)
|
|
Batting: LHB Chris Williams
|
0-0: Swinging Strike 0-1: Called Strike 0-2: Ball 1-2: Ground out 4-3 (Groundball, 34, EV 97.5 MPH)
|
|
Batting: RHB Taffounnout Kame
|
0-0: Called Strike 0-1: Ball 1-1: Ball 2-1: Foul Ball, location: 2F 2-2: Ball 3-2: Foul Ball, location: 2F 3-2: Foul Ball, location: 2F 3-2: Base on Balls
|
|
Batting: SHB Ed Thorpe Jr.
|
0-0: Ball Taffounnout Kame is caught stealing 2nd base 2-6
|
| Bottom of the 4th over - 0 runs, 0 hits, 0 errors, 0 left on base; Chicago (APP) 1 - Washington (APP) 8 |
| TOP OF THE 5TH |
|
Chicago (APP) Cubs batting - Pitching for Washington (APP) Nationals : RHP Jayden Taylor
|
|
Batting: RHB Jorge Gonzalez
|
0-0: Ball 1-0: Ball 2-0: Called Strike 2-1: Swinging Strike 2-2: Foul Ball, location: 2F 2-2: Ball 3-2: Base on Balls
|
|
Batting: SHB Jim Lloyd
|
0-0: Called Strike 0-1: Ball 1-1: Ball Wild Pitch! Jorge Gonzalez to second 2-1: Called Strike 2-2: Strikes out swinging
|
|
Batting: RHB Lencho Otieno
|
0-0: Ball 1-0: Foul Ball, location: 2F 1-1: Fly out, F9 (Flyball, 9LS, EV 88.8 MPH)
|
|
Pitching: LHP Willie Rivera
|
|
|
Batting: RHB Victor Ramirez
|
0-0: Ball 1-0: Foul Ball, location: 2F 1-1: Hit by Pitch
|
|
Batting: RHB Mike Stein
|
0-0: Ball 1-0: Ball 2-0: Called Strike 2-1: Ball 3-1: Base on Balls Jorge Gonzalez to third Victor Ramirez to second
|
|
Batting: RHB Andy Baumhardt
|
0-0: Foul Ball, location: 2F 0-1: GRAND SLAM HOME RUN (Flyball, 7LD, EV 98.8 MPH), Distance : 367 ft
|
|
Pitching: RHP Omar Perez
|
|
|
Batting: RHB Bartolo Aguilar
|
0-0: Ball 1-0: Called Strike 1-1: Foul Ball, location: 2F 1-2: Ball 2-2: Strikes out swinging
|
| Top of the 5th over - 4 runs, 1 hit, 0 errors, 0 left on base; Chicago (APP) 5 - Washington (APP) 8 |
| BOTTOM OF THE 5TH |
|
Washington (APP) Nationals batting - Pitching for Chicago (APP) Cubs : RHP T.J. Garrison
|
|
Batting: SHB Ed Thorpe Jr.
|
0-0: Foul Ball, location: 2F 0-1: Ball 1-1: Called Strike 1-2: Ball 2-2: Ball 3-2: Foul Ball, location: 2F 3-2: Base on Balls
|
|
Batting: RHB Aaron Bateman
|
0-0: Ball Ed Thorpe Jr. steals 2nd base 1-0: Ball 2-0: Ball 3-0: Base on Balls
|
|
Batting: LHB Tony Olvera
|
0-0: Foul Ball, location: 2F 0-1: Ball Wild Pitch! Ed Thorpe Jr. to third Aaron Bateman to second 1-1: Ball 2-1: Ball Wild Pitch! Ed Thorpe Jr. scores Aaron Bateman to third 3-1: Base on Balls
|
|
Batting: RHB Joe Simmelink
|
0-0: Foul Ball, location: 2F 0-1: Called Strike 0-2: Ball 1-2: Ball 2-2: Foul Ball, location: 2F 2-2: Strikes out swinging
|
|
Batting: RHB Xavier Reeves
|
0-0: Called Strike 0-1: Foul Ball, location: 2F 0-2: Ball 1-2: Ball 2-2: Foul Ball, location: 2F 2-2: Foul Ball, location: 2F 2-2: Ball 3-2: Base on Balls Tony Olvera to second
|
|
Batting: RHB Lamar Thornton
|
0-0: Ball 1-0: Called Strike 1-1: Foul Ball, location: 2F 1-2: Foul Ball, location: 2F 1-2: Ball 2-2: Ball 3-2: Grounds into double play, 6-4-3 (Groundball, 6, EV 107.5 MPH)
|
| Bottom of the 5th over - 1 run, 0 hits, 0 errors, 2 left on base; Chicago (APP) 5 - Washington (APP) 9 |
| TOP OF THE 6TH |
|
Chicago (APP) Cubs batting - Pitching for Washington (APP) Nationals : RHP Omar Perez
|
|
Batting: LHB Jose Mafano
|
0-0: Ball 1-0: Swinging Strike 1-1: SINGLE (Line Drive, 34D, EV 95.0 MPH)
|
|
Batting: RHB Juan Lira
|
0-0: Ball 1-0: Foul Ball, location: 2F 1-1: Called Strike 1-2: Fly out, F4 (Line Drive, 4, EV 69.4 MPH)
|
|
Batting: RHB Jorge Gonzalez
|
0-0: 2-RUN HOME RUN (Flyball, 9LD, EV 94.4 MPH), Distance : 330 ft
|
|
Batting: SHB Jim Lloyd
|
0-0: Ball 1-0: Ball 2-0: Foul Ball, location: 2F 2-1: Called Strike 2-2: Strikes out looking
|
|
Batting: RHB Lencho Otieno
|
0-0: Ball 1-0: Ball 2-0: Ball 3-0: Called Strike 3-1: Called Strike 3-2: Base on Balls
|
|
Pitching: RHP Matt Norris
|
|
|
Batting: RHB Victor Ramirez
|
0-0: Ball Lencho Otieno steals 2nd base (no throw) 1-0: Fly out, F8 (Flyball, 8LXD, EV 100.6 MPH)
|
| Top of the 6th over - 2 runs, 2 hits, 0 errors, 1 left on base; Chicago (APP) 7 - Washington (APP) 9 |
| BOTTOM OF THE 6TH |
|
Washington (APP) Nationals batting - Pitching for Chicago (APP) Cubs : RHP T.J. Garrison
|
|
Batting: RHB Er Le
|
0-0: Called Strike 0-1: Ball 1-1: Ground out 5-3 (Groundball, 5, EV 88.8 MPH)
|
|
Pitching: RHP Dustin Goldsborough
|
|
|
Batting: LHB Chris Williams
|
0-0: Ball 1-0: Called Strike 1-1: Foul Ball, location: 2F 1-2: DOUBLE (Flyball, 89XD, EV 108.1 MPH)
|
|
Batting: RHB Taffounnout Kame
|
0-0: Fly out, F8 (Flyball, 8LD, EV 93.1 MPH) Runner from 2nd tags up, SAFE at 3rd with throw by CF
|
|
Batting: SHB Ed Thorpe Jr.
|
0-0: Intentional Walk
|
|
Batting: RHB Aaron Bateman
|
0-0: SINGLE (Groundball, 6D, EV 98.8 MPH) Chris Williams scores Ed Thorpe Jr. to second
|
|
Batting: LHB Tony Olvera
|
0-0: Ball 1-0: Called Strike 1-1: Swinging Strike 1-2: Ball 2-2: Foul Ball, location: 2F 2-2: Strikes out looking
|
| Bottom of the 6th over - 1 run, 2 hits, 0 errors, 2 left on base; Chicago (APP) 7 - Washington (APP) 10 |
| TOP OF THE 7TH |
|
Chicago (APP) Cubs batting - Pitching for Washington (APP) Nationals : RHP Matt Norris
|
|
Batting: RHB Mike Stein
|
0-0: SOLO HOME RUN (Flyball, 78XD, EV 116.2 MPH), Distance : 463 ft
|
|
Batting: RHB Andy Baumhardt
|
0-0: Ball 1-0: Called Strike 1-1: Swinging Strike 1-2: Ground out 5-3 (Groundball, 5L, EV 85.6 MPH)
|
|
Batting: RHB Bartolo Aguilar
|
0-0: Ball 1-0: Called Strike 1-1: Swinging Strike 1-2: Ball 2-2: Ball 3-2: Strikes out swinging
|
|
Batting: LHB Jose Mafano
|
0-0: Swinging Strike 0-1: Ground out 6-3 (Groundball, 6, EV 83.8 MPH)
|
| Top of the 7th over - 1 run, 1 hit, 0 errors, 0 left on base; Chicago (APP) 8 - Washington (APP) 10 |
| BOTTOM OF THE 7TH |
|
Washington (APP) Nationals batting - Pitching for Chicago (APP) Cubs : RHP Dustin Goldsborough
|
|
Pinch Hitting: RHB Jason Ewert
|
0-0: Swinging Strike 0-1: Foul Ball, location: 2F 0-2: Ground out 6-3 (Groundball, 6, EV 84.4 MPH)
|
|
Batting: RHB Xavier Reeves
|
0-0: DOUBLE (Groundball, 5L, EV 103.1 MPH)
|
|
Batting: RHB Lamar Thornton
|
0-0: Ball 1-0: Foul Ball, location: 2F 1-1: Fly out, F7 (Flyball, 7LM, EV 80.6 MPH)
|
|
Batting: RHB Er Le
|
0-0: Fly out, F9 (Flyball, 9, EV 90.6 MPH)
|
| Bottom of the 7th over - 0 runs, 1 hit, 0 errors, 1 left on base; Chicago (APP) 8 - Washington (APP) 10 |
| TOP OF THE 8TH |
|
Chicago (APP) Cubs batting - Pitching for Washington (APP) Nationals : RHP Matt Norris
|
|
Now in LF: Steve Kunselman
|
|
|
Batting: RHB Juan Lira
|
0-0: Swinging Strike 0-1: Ball 1-1: Called Strike 1-2: Ball 2-2: Strikes out looking
|
|
Batting: RHB Jorge Gonzalez
|
0-0: Ball 1-0: Called Strike 1-1: Ball 2-1: Reached on error, E5 (Groundball, 56S, EV 87.5 MPH)
|
|
Batting: SHB Jim Lloyd
|
0-0: SINGLE (Groundball, 6S, EV 62.5 MPH) (infield hit) Jorge Gonzalez to second
|
|
Pitching: RHP Steve Schneider
|
|
|
Pinch Hitting: RHB Andy Villarreal
|
0-0: Ball 1-0: Foul Ball, location: 2F 1-1: Called Strike 1-2: Strikes out swinging
|
|
Batting: RHB Victor Ramirez
|
0-0: SINGLE (Groundball, 56D, EV 95.0 MPH) Jorge Gonzalez to third Jim Lloyd to second Runner from 3rd tries for Home, SAFE, throw by LF to home
|
|
Batting: RHB Mike Stein
|
0-0: Called Strike 0-1: Ball 1-1: Called Strike 1-2: Strikes out looking
|
| Top of the 8th over - 1 run, 2 hits, 1 error, 2 left on base; Chicago (APP) 9 - Washington (APP) 10 |
| TOP OF THE 9TH |
|
Chicago (APP) Cubs batting - Pitching for Washington (APP) Nationals : RHP Steve Schneider
|
|
Pitching: RHP Johnny Hallamore
|
|
|
Batting: RHB Andy Baumhardt
|
0-0: Called Strike 0-1: Ball 1-1: Called Strike 1-2: Strikes out swinging, 2-3 out at first.
|
|
Batting: RHB Bartolo Aguilar
|
0-0: Called Strike 0-1: Called Strike 0-2: Ball 1-2: Strikes out swinging
|
|
Batting: LHB Jose Mafano
|
0-0: Swinging Strike 0-1: Foul Ball, location: 2F 0-2: Strikes out swinging
|
| Top of the 9th over - 0 runs, 0 hits, 0 errors, 0 left on base; Chicago (APP) 9 - Washington (APP) 11 |
|